 Dungeon Crawl Stone Soup version 0.18-a0-1721-gc4d1f22 (webtiles) character file.

9136 azaza322 the Fighter (level 11, -9/76 HPs)
             Began as a Gargoyle Fighter on Apr 9, 2016.
             Was an Elder of Okawaru.
             Mangled by a six-headed hydra (10 damage)
             ... on level 10 of the Dungeon.
             The game lasted 00:26:16 (8790 turns).

azaza322 the Fighter (Gargoyle Fighter)             Turns: 8790, Time: 00:26:18

Health: -9/76      AC: 23    Str: 24    XL:     11   Next: 41%
Magic:  9/11       EV: 16    Int:  8    God:    Okawaru [****..]
Gold:   765        SH:  0    Dex: 10    Spells: 0 memorised, 10 levels left

rFire  . . .     SeeInvis .     z - +5 quarterstaff of the Enchanted Forest {drain, Str+3 Int+4}
rCold  . . .     Gourm    +     u - +0 ring mail {MR+}
rNeg   + . .     Faith    .     (shield currently unavailable)
rPois  ∞         Spirit   .     (helmet restricted)
rElec  +         Dismiss  .     t - +0 cloak
rCorr  .         Reflect  .     (no gloves)
SustAt .         Harm     .     (no boots)
MR     ++...                    i - amulet of the gourmand
Stlth  ++........               R - -6 ring of intelligence
                                G - +3 ring of evasion

@: heroism, very resistant to hostile enchantments, unstealthy
A: horns 1, iridescent scales 1, thin metallic scales 1, magic resistance 1,
negative energy resistance 1, screaming 1, electricity resistance, unbreathing,
petrification resistance, rot immunity, AC +7
a: Heroism, Renounce Religion


You were on level 10 of the Dungeon.
You worshipped Okawaru.
Okawaru was greatly pleased with you.
You were completely stuffed.

You visited 2 branches of the dungeon, and saw 12 of its levels.

You collected 765 gold pieces.

Inventory:

Hand Weapons
 a - a +0 flail
 d - a +1 mace of holy wrath
 z - the +5 quarterstaff of the Enchanted Forest (weapon) {drain, Str+3 Int+4}
   (You found it on level 4 of the Dungeon)

   A truly terrible weapon, it drains the life of those it strikes.
   It affects your strength (+3).
   It affects your intelligence (+4).
Armour
 c - a +0 shield
 r - the +1 helmet "Luramudu" {+Fly rPois}
   (You took it off Robin on level 3 of the Dungeon)

   It protects you from poison.
   It lets you fly.
 t - a +0 cloak (worn)
 u - a +0 ring mail of magic resistance (worn)
 J - a +0 helmet of intelligence
 O - a +0 large shield
Jewellery
 i - an amulet of the gourmand (around neck)
 G - a +3 ring of evasion (left hand)
 R - a -6 ring of intelligence (right hand)
Wands
 l - a wand of flame (19/48)
 A - a wand of slowing (48/48)
 H - a wand of heal wounds (7/9)
 T - a wand of acid (1/15)
 V - a wand of lightning (5/15)
 W - a wand of confusion (30/48)
Scrolls
 b - 4 scrolls of immolation
 g - 2 scrolls of remove curse
 h - 3 scrolls of recharging
 k - 3 scrolls of blinking
 m - 3 scrolls of teleportation
 o - 2 scrolls of magic mapping
 p - 2 scrolls of amnesia {unknown}
 s - a scroll of noise {unknown}
 v - 2 scrolls of enchant weapon {unknown}
 w - 2 scrolls of fog {unknown}
 y - a scroll of random uselessness {unknown}
 K - a scroll of brand weapon {unknown}
 L - 2 scrolls of enchant armour {unknown}
 Q - 3 scrolls of identify
Potions
 e - 2 potions of heal wounds
 j - a potion of mutation {unknown}
 n - 3 potions of agility
 q - 11 potions of curing
 x - a potion of flight {unknown}
 B - 4 potions of resistance {unknown}
 C - a potion of ambrosia {unknown}
 E - a potion of cure mutation {unknown}
 N - a potion of cancellation {unknown}
 S - a potion of lignification {unknown}
Comestibles
 f - 11 bread rations
 D - a meat ration
 F - 7 fruits
 I - 2 royal jellies
 M - a slice of pizza
 P - 2 beef jerkies


   Skills:
 + Level 12.4(17.4) Fighting
 + Level 6.0(11.1) Maces & Flails
 - Level 1.0(8.9) Staves
 + Level 10.7(15.7) Armour
 + Level 9.0(14.0) Shields
 + Level 0.9 Invocations


You had 10 spell levels left.
You didn't know any spells.

Dungeon Overview and Level Annotations

Branches:
Dungeon (11/15)            Temple (1/1) D:6            Lair (0/8) D:9
    Orc (0/2) D:10

Altars:
Ashenzari
Cheibriados
Dithmenos
Elyvilon
Fedhas
Gozag
Kikubaaqudgha
Makhleb
Nemelex Xobeh
Okawaru
Pakellas
Qazlal
Ru
Sif Muna
Trog
Vehumet
Xom
Yredelemnul
Zin
The Shining One

Shops:
D:2 *   D:5 *   D:10 (


Innate Abilities, Weirdness & Mutations

You are resistant to torment.
Your stone body is resilient (AC +7).
You are immune to poison.
You resist negative energy.
You are resistant to electric shocks.
You can survive without breathing.
You are immune to petrification.
You are immune to rotting.
You have a pair of small horns on your head.
You are partially covered in iridescent scales (AC +4).
You are partially covered in thin metallic scales (AC +2).
You are resistant to hostile enchantments.
You occasionally shout uncontrollably at your foes.


Message History

You headbutt the six-headed hydra.
The six-headed hydra is almost dead.
The six-headed hydra bites you. x2
The six-headed hydra completely misses you.
The six-headed hydra bites you. The six-headed hydra misses you.
The six-headed hydra bites you.
* * * LOW HITPOINT WARNING * * *
You hit the six-headed hydra.
Your headbutt misses the six-headed hydra.
The six-headed hydra is almost dead.
The six-headed hydra barely misses you. The six-headed hydra bites you!
* * * LOW HITPOINT WARNING * * *
The six-headed hydra bites you.
* * * LOW HITPOINT WARNING * * *
The six-headed hydra bites you.
* * * LOW HITPOINT WARNING * * *
The six-headed hydra bites you.
* * * LOW HITPOINT WARNING * * *
The six-headed hydra bites you!
You die...

.................##....(...#....#
.................##........#....#
#######..........##........#....#
......#..........##>......>#....#
......#.#######..###########.....
......#.#######..#.........#.....
......'..........#........>###'##
#############'####r........).....
.......#........@DK..............
.......#........##Y........##....
.......#........#############....
.....#.#........#................
.....#.#........#................
.....#.###########...............
.................#.........######
........####.....###########.....
........# #.....................


You could see a six-headed hydra, an ice beast, a quokka and a kobold.

Vanquished Creatures
  Erolcha (D:10)
  The ghost of Xenophilius the Covert, a journeyman HaBe of Trog (D:10)
  Nergalle (D:10)
  2 unseen horrors (D:10)
  The ghost of crauler the Slasher, a novice NaGl (D:5)
  2 trolls
  A two-headed ogre (D:10)
  Grinder (D:3)
  A spriggan (D:7)
  3 yaks (D:10)
  A hippogriff (D:8)
  A water moccasin (D:6)
  2 orc warriors
  4 ice beasts
  4 phantoms
  A sky beast (D:6)
  A centaur (D:8)
  4 ogres
  Blork the orc (D:4)
  A big kobold (D:10)
  6 giant frogs
  4 earth elementals
  3 scorpions
  11 killer bees
  5 wights (D:10)
  A howler monkey (D:9)
  A crimson imp (D:5)
  2 giant frog zombies
  5 hounds
  4 jellies
  An orc priest (D:7)
  A centaur skeleton (D:8)
  Crazy Yiuf (D:3)
  Jessica (D:3)
  A giant frog skeleton (D:6)
  3 iguanas
  A hell rat (D:7)
  7 orc wizards
  5 worker ants
  A killer bee zombie (D:8)
  A hound skeleton (D:4)
  A worker ant zombie (D:6)
  Robin (D:3)
  10 adders
  4 river rats (D:7)
  A shadow imp (D:10)
  An ooze (D:5)
  2 adder skeletons
  4 worms
  2 dart slugs
  6 giant geckos
  28 orcs
  6 bats
  3 giant cockroaches
  8 hobgoblins
  4 jackals
  7 quokkas
  2 ball pythons
  3 giant newts
  18 goblins
  11 kobolds
  A quokka skeleton (D:8)
  39 rats
261 creatures vanquished.

Vanquished Creatures (others)
  4 fungi (D:9)
  A plant (D:9)
5 creatures vanquished.

Grand Total: 266 creatures vanquished

Notes
Turn   | Place    | Note
--------------------------------------------------------------
     0 | D:1      | azaza322 the Gargoyle Fighter began the quest for the Orb.
     0 | D:1      | Reached XP level 1. HP: 14/14 MP: 1/1
    95 | D:1      | Reached XP level 2. HP: 19/19 MP: 2/2
   740 | D:1      | Reached XP level 3. HP: 20/23 MP: 3/3
  1336 | D:2      | Reached XP level 4. HP: 29/29 MP: 4/4
  1409 | D:2      | Found an opulent altar of Gozag.
  1417 | D:2      | Found Gozag's Platinum Reserve.
  1636 | D:3      | Noticed Robin
  1700 | D:3      | Reached XP level 5. HP: 22/33 MP: 5/5
  1720 | D:3      | Killed Robin
  1727 | D:3      | Got an ichor-stained helmet
  1733 | D:3      | Identified the +1 helmet "Luramudu" {+Fly rPois} (You took it off Robin on level 3 of the Dungeon)
  1909 | D:3      | Found a shattered altar of Ashenzari.
  2051 | D:3      | Reached skill level 4 in Fighting
  2150 | D:3      | Reached skill level 5 in Shields
  2210 | D:3      | Noticed Grinder
  2212 | D:3      | Paralysed by Grinder for 4 turns
  2220 | D:3      | Paralysed by Grinder for 6 turns
  2238 | D:3      | Killed Grinder
  2238 | D:3      | Reached XP level 6. HP: 13/39 MP: 6/6
  2279 | D:3      | Noticed Jessica
  2285 | D:3      | Killed Jessica
  2304 | D:3      | Reached skill level 5 in Armour
  2538 | D:3      | Noticed Crazy Yiuf
  2546 | D:3      | Killed Crazy Yiuf
  2546 | D:3      | Reached XP level 7. HP: 33/44 MP: 7/7
  2784 | D:4      | Reached skill level 5 in Fighting
  2810 | D:4      | Noticed Blork the orc
  2836 | D:4      | Killed Blork the orc
  3236 | D:4      | Reached XP level 8. HP: 5/49 MP: 8/8
  3289 | D:4      | Got a slimy quarterstaff
  3295 | D:4      | Identified the +5 quarterstaff of the Enchanted Forest {drain, Str+3 Int+4} (You found it on level 4 of the Dungeon)
  3376 | D:5      | Entered Level 5 of the Dungeon
  3498 | D:5      | Found Wabovewn's Assorted Antiques.
  3867 | D:5      | Noticed crauler's ghost (novice NaGl)
  3884 | D:5      | Killed crauler's ghost
  3884 | D:5      | Reached skill level 1 in Staves
  4127 | D:6      | Reached skill level 5 in Maces & Flails
  4192 | D:6      | Reached skill level 6 in Fighting
  4264 | D:6      | Found a staircase to the Ecumenical Temple.
  4272 | Temple   | Entered the Ecumenical Temple
  4659 | D:6      | Gained mutation: You are resistant to hostile enchantments. [mutagenic meat]
  4660 | D:6      | Gained mutation: You are partially covered in thin metallic scales (AC +2). [mutagenic meat]
  4661 | D:6      | Gained mutation: You occasionally shout uncontrollably at your foes. [mutagenic meat]
  4662 | D:6      | Gained mutation: You are partially covered in iridescent scales (AC +4). [mutagenic meat]
  4663 | D:6      | Gained mutation: You have a pair of small horns on your head. [mutagenic meat]
  4690 | D:6      | Reached XP level 9. HP: 56/56 MP: 9/9
  4953 | D:6      | Found a shadowy altar of Dithmenos.
  5267 | D:7      | Found an oddly glowing altar of Pakellas.
  5439 | D:7      | Reached skill level 7 in Fighting
  5699 | D:8      | Found an iron altar of Okawaru.
  5705 | D:8      | Became a worshipper of Warmaster Okawaru
  5759 | D:8      | Found a radiant altar of Vehumet.
  5762 | D:8      | Found a basalt altar of Yredelemnul.
  5762 | D:8      | Found an oddly glowing altar of Pakellas.
  5765 | D:8      | Found a sacrificial altar of Ru.
  5957 | D:8      | Reached * piety under Okawaru
  5957 | D:8      | Reached skill level 8 in Fighting
  6509 | D:8      | Reached XP level 10. HP: 24/65 MP: 10/10
  6768 | D:9      | Reached skill level 9 in Fighting
  6839 | D:9      | Found a staircase to the Lair.
  6855 | D:9      | Reached ** piety under Okawaru
  7013 | D:9      | Found a stormy altar of Qazlal.
  7368 | D:10     | Entered Level 10 of the Dungeon
  7884 | D:10     | Noticed Nergalle
  7885 | D:10     | Reached skill level 10 in Fighting
  7899 | D:10     | Killed Nergalle
  7902 | D:10     | Noticed Erolcha
  7914 | D:10     | Killed Erolcha
  7914 | D:10     | Reached *** piety under Okawaru
  8022 | D:10     | Reached skill level 11 in Fighting
  8074 | D:10     | Killed an unseen horror
  8074 | D:10     | Reached skill level 10 in Armour
  8074 | D:10     | Reached XP level 11. HP: 34/74 MP: 11/11
  8216 | D:10     | Noticed Xenophilius's ghost (journeyman HaBe)
  8256 | D:10     | Killed Xenophilius's ghost
  8256 | D:10     | Reached **** piety under Okawaru
  8396 | D:10     | Found a staircase to the Orcish Mines.
  8396 | D:10     | Found Naefoz's Weapon Shop.
  8496 | D:10     | Reached skill level 12 in Fighting
  8617 | D:10     | Killed an unseen horror
  8724 | D:11     | Noticed a six-headed hydra
  8790 | D:10     | HP: 1/76 [six-headed hydra (6)]
  8790 | D:10     | Mangled by a six-headed hydra

Vault maps used:
D:1:      erik_arrival_orb_chamber
D:2:      nicolae_gozag_zags_fifth_avenue, first_bread, minmay_misc_feat_room,
          wad_floor_pattern_untrapped
D:3:      marbit_many_paths, minmay_misc_feat_nine_boxes, eino_curves_03,
          nrook_uturn, uniq_grinder, uniq_crazy_yiuf_cottage, uniq_robin,
          uniq_jessica
D:4:      uniq_blork_the_orc
D:5:      serial_shops, shop
D:6:      lemuel_coloured_pillars_altar, minmay_temple_entry_overgrown
D:7:      lemuel_ratsnest, serial_glass, glass_columns_b, glass_columns_c,
          glass_columns_a, glass_columns_b, glass_columns_a, glass_columns_b,
          glass_columns_c, glass_columns_b, minmay_strange_pillars,
          minmay_strange_pillars, feat_on_display, item_on_display_a,
          basic_altar, the_bakery
D:8:      okawaru_metal_pillars_1_2, grunt_temple_overflow_open
D:9:      lemuel_crystal_altar, dpeg_oklobed_lair
D:10:     minmay_stone_box, orc_david_3, uniq_erolcha, uniq_nergalle
Temple:   triangle_lava_temple_11

Skill      XL: |  1  2  3  4  5  6  7  8  9 10 11 |
---------------+----------------------------------+-----
Shields        | 4 5 6 8 9 |  9.0
Armour         | 4 5 6 8 10 | 10.7
Fighting       | 4 5 6 8 11 12 | 12.4
Maces & Flails | 3 4 5 6 |  6.0
Staves         | 1 |  1.0
Invocations    | |  0.9

Action                   |  1- 3 |  4- 6 |  7- 9 | 10-12 || total
-------------------------+-------+-------+-------+-------++-------
Melee: Flail             |   151 |   220 |       |       ||   371
       Mace              |       |     7 |   132 |       ||   139
       Quarterstaff      |       |       |   268 |   338 ||   606
Invok: Heroism           |       |       |       |     2 ||     2
  Use: Potion            |       |     1 |       |     4 ||     5
       Scroll            |       |       |     8 |     2 ||    10
  Eat: Chunk             |     2 |    12 |    19 |     9 ||    42
